 Dungeon Crawl Stone Soup version 0.29.1-15-g9cfb28693d (webtiles) character file.

Game seed: 2861600457334370712

44 zeram the Shield-Bearer (level 3, -9/35 HPs)
             Began as a Gnoll Fighter on Apr 8, 2023.
             Mangled by an orc warrior
             ... wielding a +0 long sword
              (12 damage)
             ... on level 4 of the Dungeon.
             The game lasted 00:01:54 (1103 turns).

zeram the Shield-Bearer (Gnoll Fighter)             Turns: 1103, Time: 00:01:54

Health: -9/35      AC:  7    Str: 17    XL:     3   Next: 62%
Magic:  4/4        EV:  9    Int:  7    God:
Gold:   69         SH:  5    Dex: 11    Spells: 3/3 levels left

rFire   . . .      SeeInvis .   a - +0 war axe
rCold   . . .      Faith    .   c - +0 buckler
rNeg    . . .      Spirit   .   b - +0 scale mail
rPois   .          Reflect  .   (no helmet)
rElec   .          Harm     .   l - scarf {+Inv}
rCorr   .          Rampage  .   (no gloves)
Will    .....                   (no boots)
Stlth   ..........              (no amulet)
HPRegen 0.11/turn               (no ring)
MPRegen 0.09/turn               (no ring)

@: no status effects
A: fangs 1, strong nose, distributed training
a: Evoke Invisibility


You were on level 4 of the Dungeon.
You visited 1 branch of the dungeon, and saw 3 of its levels.

You collected 69 gold pieces.

Inventory:

Hand Weapons
 a - a +0 war axe (weapon)
Missiles
 k - 2 throwing nets (quivered)
Armour
 b - a +0 scale mail (worn)
 c - a +0 buckler (worn)
 l - a scarf of invisibility (worn)
Scrolls
 e - 2 scrolls of blinking {unknown}
 g - 5 scrolls of teleportation {unknown}
Potions
 d - a potion of might
 f - a potion of ambrosia {unknown}
 h - a potion of haste {unknown}
 i - a potion of lignification {unknown}
 j - 2 potions of curing {unknown}


   Skills:
 + Level 6.5 Fighting
 + Level 0.9 Short Blades
 + Level 0.9 Long Blades
 + Level 4.5 Axes
 + Level 0.9 Maces & Flails
 + Level 0.9 Polearms
 + Level 0.9 Staves
 + Level 0.9 Ranged Weapons
 + Level 0.9 Throwing
 + Level 6.5 Armour
 + Level 0.9 Dodging
 + Level 0.9 Stealth
 + Level 6.5 Shields
 + Level 0.9 Unarmed Combat
 + Level 0.9 Spellcasting
 + Level 0.6 Conjurations
 + Level 0.6 Hexes
 + Level 0.6 Summonings
 + Level 0.6 Necromancy
 + Level 0.6 Translocations
 + Level 0.6 Transmutations
 + Level 0.6 Fire Magic
 + Level 0.6 Ice Magic
 + Level 0.6 Air Magic
 + Level 0.6 Earth Magic
 + Level 0.6 Poison Magic
 + Level 1.0 Invocations
 + Level 0.9 Evocations


You had 3 spell levels left.
You didn't know any spells.
Your spell library contained the following spells:

 Spells                   Type           Power      Damage    Failure   Level
 Freeze                   Ice            4%         1d3       77%         1
 Summon Small Mammal      Summ           4%         N/A       77%         1
 Call Canine Familiar     Summ           1%         N/A       98%         3
 Frozen Ramparts          Ice            2%         1d1       98%         3
 Summon Guardian Golem    Hex/Summ       1%         N/A       98%         3
 Hailstorm                Conj/Ice       1%         3d3       100%        4


Dungeon Overview and Level Annotations

Branches:
Dungeon (2/15)

Altars:

Shops:
D:1 ?(?(


Innate Abilities, Weirdness & Mutations

You have very sharp teeth.
Your uncanny sense of smell can sniff out nearby items.
Your experience applies equally to all skills.


Message History

The orc shouts!
You hear a shout! x2
A gnoll comes into view. It is wielding a +0 whip.
The orc shouts!
You hear a shout!
An orc warrior comes into view. It is wielding a +0 long sword.
You hear a shout!
There are monsters nearby!
You closely miss the orc. The orc hits you with a +0 hand axe.
You hit the orc. You bite the orc, but do no damage.
The orc is lightly wounded.
The orc hits you but does no damage. You block the orc's attack.
You hit the orc.
The orc is moderately wounded.
You block the orc's attack.
You hit the orc. You bite the orc, but do no damage.
The orc is almost dead.
You block the orc's attack.
An orc comes into view. It is wielding a +0 short sword.
You barely miss the orc.
The orc is almost dead.
The orc hits you with a +0 hand axe.
You hit the orc warrior but do no damage.
The orc warrior hits you with a +0 long sword.
You barely miss the orc warrior. You block the orc warrior's attack.
You hit the orc warrior.
The orc warrior is lightly wounded.
The orc warrior hits you but does no damage.
The orc warrior barely misses you.
You barely miss the orc warrior.
The orc warrior is lightly wounded.
The orc warrior hits you with a +0 long sword.
You closely miss the orc warrior.
The orc warrior is lightly wounded.
The orc warrior hits you with a +0 long sword!!
Ouch! That really hurt!
* * * LOW HITPOINT WARNING * * *
You hit the orc warrior.
The orc warrior is moderately wounded.
You block the orc warrior's attack.
The orc warrior hits you with a +0 long sword!
You die...

∆ ♣#........#. ♣.♣
♣........... ...
##......###. ♣..
##.....###.
.o########........
♣og.....####.#####
#o#####)# #.# #o#
#.# #.#
#@#####)####.#
##.#.#..........#
#..........######
#.....#.#####
..........#
.####.##### #. #.
#.


You could see an orc warrior, a gnoll and 3 orcs.

Vanquished Creatures
  2 dart slugs (D:1)
  2 orcs (D:4)
  6 ball pythons
  An endoplasm (D:2)
  2 giant cockroaches
  4 goblins
  3 hobgoblins
  4 jackals
  3 quokkas (D:1)
  A bat (D:1)
  A frilled lizard (D:1)
  2 kobolds
  A rat (D:2)
32 creatures vanquished.

Vanquished Creatures (others)
  2 plants (D:4)
2 creatures vanquished.

Grand Total: 34 creatures vanquished

Notes
Turn   | Place    | Note
-------+----------+-------------------------------------------
     0 | D:1      | zeram the Gnoll Fighter began the quest for the Orb.
     0 | D:1      | Reached XP level 1. HP: 23/23 MP: 1/1
    15 | D:1      | Found Giedghoc's Magic Scroll Emporium.
    77 | D:1      | Reached XP level 2. HP: 29/29 MP: 2/2
    77 | D:1      | Found Natud's Magic Scroll Shop.
   200 | D:1      | Found Zeorrid's Weapon Emporium.
   391 | D:1      | Found Fetol's Weapon Boutique.
   402 | D:1      | Reached XP level 3. HP: 35/35 MP: 3/3
   749 | D:1      | Found a faded altar of an unknown god.
   920 | D:2      | Reached skill level 1 in Invocations
   994 | D:2      | You fall into a shaft and drop 2 floors!
  1091 | D:4      | Noticed an orc warrior
  1103 | D:4      | Mangled by an orc warrior

Illustrated notes

Levels and vault maps discovered:
D:1:      minmay_arrival_up_and_down, layout_basic,
          chequers_ecumenical_altar_grove, serial_shops, shop, shop,
          nicolae_shop_bloodbath_and_beyond, nicolae_shop_hallway_stairs,
          nicolae_concentric_dashed_squares_mild
D:2:      layout_rooms, minmay_pentomino_v2
D:4:      layout_loops_corners, chequers_temple_overflow_statue_of_worship,
          serial_forest, infiniplex_forest_clump_medium,
          infiniplex_forest_lined_3_way, infiniplex_forest_straight_5,
          infiniplex_forest_lined_3, infiniplex_forest_lined_2,
          infiniplex_forest_corner_1, infiniplex_forest_clump_curved,
          infiniplex_forest_corner_2, corexii_leaking_fountain, uniq_pikel,
          uniq_ijyb

Skill      XL: |  1  2  3 |
---------------+----------+-----
Invocations    | 1 |  1.0
Fighting       | |  6.5
Short Blades   | |  0.9
Long Blades    | |  0.9
Axes           | |  4.5
Maces & Flails | |  0.9
Polearms       | |  0.9
Staves         | |  0.9
Ranged Weapons | |  0.9
Throwing       | |  0.9
Armour         | |  6.5
Dodging        | |  0.9
Stealth        | |  0.9
Shields        | |  6.5
Unarmed Combat | |  0.9
Spellcasting   | |  0.9
Conjurations   | |  0.6
Hexes          | |  0.6
Summonings     | |  0.6
Necromancy     | |  0.6
Translocations | |  0.6
Transmutations | |  0.6
Fire Magic     | |  0.6
Ice Magic      | |  0.6
Air Magic      | |  0.6
Earth Magic    | |  0.6
Poison Magic   | |  0.6
Evocations     | |  0.9

Action                   || total
-------------------------++-------
Melee: War axe           ||    80
       Bite              ||     7
Armor: Scale mail        ||    33
Dodge: Dodged            ||    22
Block: Buckler           ||    27
